 Dungeon Crawl Stone Soup version 0.29-a0-668-g12ee2bf84d (webtiles) character file.

Game seed: 16510187552296707194

112 sammy202020 the Skirmisher (level 4, -8/55 HPs)
             Began as a Demonspawn Berserker on June 23, 2022.
             Was a Believer of Trog.
             Mangled by a gnoll
             ... wielding a +0 halberd
              (12 damage)
             ... on level 4 of the Dungeon.
             The game lasted 00:03:30 (3498 turns).

sammy202020 the Skirmisher (Demonspawn Berserker)   Turns: 3498, Time: 00:03:30

Health: -8/55      AC:  5    Str: 17    XL:     4   Next: 64%
Magic:  4/4        EV: 11    Int: 10    God:    Trog [**....]
Gold:   254        SH:  4    Dex: 13    Spells: 3/3 levels left

rFire   . . .      SeeInvis .   a - +0 hand axe
rCold   . . .      Faith    .   (no shield)
rNeg    . . .      Spirit   .   g - +0 ring mail
rPois   .          Reflect  .   (no helmet)
rElec   .          Harm     .   (no cloak)
rCorr   .          Rampage  .   (no gloves)
Will    .....                   (no boots)
Stlth   ..........              (no amulet)
HPRegen 3.18/turn               d - ring of flight
MPRegen 0.09/turn               (no ring)

@: berserking, flying, very quick
A: large bone plates 1, powered by death 1
a: Renounce Religion, Berserk, Trog's Hand


You were on level 4 of the Dungeon.
You worshipped Trog.
Trog was pleased with you.
You visited 1 branch of the dungeon, and saw 4 of its levels.

You collected 254 gold pieces.

Inventory:

Hand Weapons
 a - a +0 hand axe (weapon)
Armour
 g - a +0 ring mail (worn)
Jewellery
 d - a ring of flight (left hand)
Wands
 j - a wand of flame (15)
Scrolls
 e - a scroll of immolation
Potions
 b - a potion of heal wounds
 h - a potion of mutation
 i - a potion of attraction {unknown}
 k - 2 potions of invisibility
 l - 2 potions of cancellation {unknown}
 n - a potion of might {unknown}
 o - a potion of curing {unknown}


   Skills:
 * Level 3.9 Fighting
 * Level 3.5 Axes
 + Level 2.3 Armour
 + Level 2.5 Dodging


You had 3 spell levels left.
You didn't know any spells.
Your spell library was empty.

Dungeon Overview and Level Annotations

Branches:
Dungeon (4/15)
 Temple: D:4-7

Altars:
Ru

Shops:
D:3 *


Innate Abilities, Weirdness & Mutations

You are partially covered in large bone plates. (SH +4)
You regenerate a little health from kills.


Message History

A red film seems to cover your vision as you go berserk!
You feel yourself moving faster!
You feel mighty! The jackal barely misses you. The endoplasm freezes you.
You are frozen.
The gnoll hits you with a +0 halberd. The gnoll closely misses you.
The gnoll completely misses you. You block the jackal's attack.
You closely miss the gnoll. You slash the endoplasm!
You kill the endoplasm!
Trog accepts your kill.
You hit the jackal. You barely miss the gnoll. x2
You closely miss the kobold. You block the gnoll's attack.
The gnoll barely misses you. You block the gnoll's attack.
The jackal barely misses you.
The kobold hits you with a +0 short sword.
* * * LOW HITPOINT WARNING * * *
You barely miss the gnoll. You hit the gnoll. You slash the kobold!
You kill the kobold!
Trog accepts your kill.
You hit the gnoll. You slash the jackal!
You kill the jackal!
Trog accepts your kill. The gnoll hits you with a +0 halberd!
* * * LOW HITPOINT WARNING * * *
The gnoll completely misses you. The gnoll hits you with a +0 club.
* * * LOW HITPOINT WARNING * * *
You hit the gnoll. You punch the gnoll!
The gnoll is severely wounded.
You hit the gnoll. You hit the gnoll but do no damage.
You barely miss the gnoll.
The gnoll is severely wounded.
You barely miss the gnoll. You slash the gnoll!
You kill the gnoll!
Trog accepts your kill. The gnoll misses you.
The gnoll hits you with a +0 halberd!
* * * LOW HITPOINT WARNING * * *
You barely miss the gnoll.
The gnoll is severely wounded.
You closely miss the gnoll. The gnoll closely misses you.
The gnoll hits you with a +0 halberd!
You die...

.... ..... #
...##....# ..
#...#....# ...
#...#h...#
...?#...#....#
.............#
....#....#...#
..(....<.†)..#
..####.#.@)..#
#..gg...#
...............
...............
...............
........###....
.........# ####
........#


You could see 2 gnolls.

Vanquished Creatures
  2 adders
  2 gnolls
  4 dart slugs
  2 ball pythons (D:1)
  8 endoplasms
  3 giant cockroaches
  3 goblins
  6 hobgoblins
  3 jackals
  3 quokkas
  5 bats
  4 frilled lizards
  10 kobolds
  10 rats
65 creatures vanquished.

Notes
Turn   | Place    | Note
-------+----------+-------------------------------------------
     0 | D:1      | sammy202020 the Demonspawn Berserker began the quest for
                  | the Orb.
     0 | D:1      | Reached XP level 1. HP: 18/18 MP: 1/1
     7 | D:1      | Noticed a spriggan
     8 | D:1      | Noticed a troll
    13 | D:1      | Noticed a felid
    13 | D:1      | Noticed a troll
    15 | D:1      | Noticed a demigod
    17 | D:1      | Noticed a merfolk zombie
    19 | D:1      | Noticed a naga
    21 | D:1      | Noticed a minotaur skeleton
   543 | D:1      | Gained mutation: You are partially covered in large bone
                  | plates. (SH +4) [demonic ancestry]
   543 | D:1      | Reached XP level 2. HP: 14/24 MP: 2/2
  1122 | D:1      | Reached XP level 3. HP: 18/29 MP: 3/3
  1444 | D:1      | Found a faded altar of an unknown god.
  1444 | D:1      | Noticed a hellion
  1919 | D:2      | Reached ** piety under Trog
  2248 | D:2      | Gained mutation: You regenerate a little health from kills.
                  | [demonic ancestry]
  2248 | D:2      | Reached XP level 4. HP: 30/37 MP: 4/4
  2936 | D:3      | Found Negenn's General Store.
  2972 | D:3      | Found a sacrificial altar of Ru.
  3497 | D:4      | HP: 1/55 [gnoll/+0 halberd (10)]
  3498 | D:4      | Mangled by a gnoll

Illustrated notes

Levels and vault maps discovered:
D:1:      shiori_arrival_whats_in_store_for_you, layout_basic,
          dreamdust_ecumenical_altar_sealed_demon
D:2:      layout_loops_ring, dk_noncrumbling_2, minmay_tiny_reverse_x
D:3:      layout_loops_ring, nicolae_ru_sacrificial_ziggurat, serial_shops,
          nicolae_shop_behind_doors, minmay_misc_feat_tiny,
          nicolae_underground_beach
D:4:      layout_basic, uniq_eustachio, uniq_sigmund

Skill      XL: |  1  2 |
---------------+-------+-----
Axes           | 3 |  3.5
Dodging        | 2 |  2.5
Armour         | 2 |  2.3
Fighting       | |  3.9

Action                   |  1- 3 |  4- 6 || total
-------------------------+-------+-------++-------
Melee: Hand axe          |   150 |    82 ||   232
       Punch             |     2 |     1 ||     3
Invok: Berserk           |     1 |     1 ||     2
  Use: Scroll            |       |     9 ||     9
 Stab: Sleeping          |     1 |       ||     1
Armor: Animal skin       |     7 |       ||     7
       Ring mail         |    27 |    26 ||    53
Dodge: Dodged            |    86 |    65 ||   151
Block: Other             |    29 |    23 ||    52

Table legend: (Time is in decaauts)
 A = Elapsed time spent in this place.
 B = Non-inter-level travel time spent in this place.
 C = Inter-level travel time spent in this place.
 D = Time resting spent in this place.
 E = Time spent auto-exploring this place.
 F = Levels seen in this place.
 G = Mean time per level.
                   A        B        C        D        E       F      G
               +--------+--------+--------+--------+--------+-----+--------+
         Total |   3536 |   3499 |     37 |    132 |   2734 |   4 |  884.0 |
       Dungeon |   3536 |   3499 |     37 |    132 |   2734 |   4 |  884.0 |
               +--------+--------+--------+--------+--------+-----+--------+

Top non-repeatable levels by time:
     D:1: 1711 daAuts
     D:2: 987 daAuts
     D:3: 824 daAuts
     D:4: 12 daAuts
